[Event "*** Qualifier 1: Titled Tuesday 3|2 Blitz"]
[Site "Chess.com"]
[Date "2017.04.04"]
[Round "7"]
[White "Swarajan"]
[Black "FearlessKing64"]
[Result "1-0"]
[WhiteElo "2010"]
[BlackElo "2109"]
[TimeControl "180+2"]
[EndTime "14:41:57 PDT"]
[Termination "Swarajan won by resignation"]

1. d4 Nf6 2. c4 g6 3. Nc3 d5 4. cxd5 Nxd5 5. e4 Nxc3 6. bxc3 Bg7 7. Bc4 c5 8. Ne2 Nc6 9. Be3 O-O 10. O-O Bg4 11. f3 Na5 12. Bd3 cxd4 13. cxd4 Be6 14. Rc1 Bxa2 15. Qa4 Bb3 16. Qa3 Be6 17. d5 Bd7 18.
Rfd1 b5 19. Nd4 a6 20. Nc6 Bxc6 21. dxc6 Qc7 22. Be2 Rfd8 23. Rd7 Rxd7 24. cxd7 Qd8 25. Rc8 Rxc8 26. dxc8=Q Qxc8 27. Qxa5 h5 28. Qb4 e6 29.
Kf2 Qc7 30. g3 h4 31. Bf4 Be5 32. Bxe5 Qxe5 33. f4 Qc7 34. Qd4 Qc6 35. gxh4 a5 36. Qd8+ Kg7 37. Qxa5 Qxe4 38. Qc3+ Kh7 39. Qe5 Qb7 40.
Bxb5 Qb6+ 41. Kg3 Qg1+ 42. Kh3 Qf2 43. Qg5 Qf3+ 44. Qg3 Qd5 45. Be2 Qf5+ 46. Bg4 Qe4 47. h5 gxh5 48. Bxh5 Qf5+ 49. Qg4 Qd3+ 50. Kh4 Qd8+ 51.
Qg5 Qd2 52. h3 Qf2+ 53. Qg3 Qa7 54. Be2 Qe7+ 55. Qg5 Qc5 56. Bd3+ Kh8 57. Qh6+ Kg8 58. Bh7+ Kh8 59. Bg6+ Kg8 60. Qh7+ 1-0

[Event "*** Qualifier 1: Titled Tuesday 3|2 Blitz"]
[Site "Chess.com"]
[Date "2017.04.04"]
[Round "7"]
[White "Dlugy"]
[Black "Bigfish1995"]
[Result "1-0"]
[WhiteElo "2670"]
[BlackElo "2655"]
[TimeControl "180+2"]
[EndTime "14:42:00 PDT"]
[Termination "Dlugy won by resignation"]

1. d4 Nf6 2. Bf4 d5 3. e3 e6 4.
Nd2 c5 5. c3 Nc6 6. Ngf3 cxd4 7. exd4 Nh5 8. Be3 Bd6 9. Ne5 g6 10. Ndf3 O-O 11. g4 Nf6 12. Bh6 Re8 13. Bg5 Be7 14.
Bb5 Bd7 15. Bxc6 Bxc6 16. Nxc6 bxc6 17. Ne5 Rc8 18. Qf3 c5 19. dxc5 Rxc5 20. O-O-O Rf8 21. Bh6 Ne4 22. Bxf8 Qxf8 23. Rhe1 Qg7 24. Nd7 Rc4 25. Kc2 h6 26. Qe3 Rc7 27. Qd4 Qxd4 28. Rxd4 Nxf2 29. Ne5 Ne4 30. Rf1 Bd6 31. Nf3 Kg7 32. h4 Bc5 33. Ra4 Bb6 34. Nd4 Nd6 35. Re1 Nc4 36. Nf3 Ne3+ 37.
Kb1 Nc4 38. h5 g5 39. Re2 Kf6 40. Ra6 Ke7 41. a4 Rb7 42. Ka2 Bc5 43. b4 Bd6 44. Nd4 Ne5 45. a5 Bb8 46. Kb3 Nxg4 47. Nc6+ Kf8 48.
Nxb8 Rxb8 49. Rxa7 Nf6 50. a6 Ne4 51. Rb7 Ra8 52.
a7 Kg7 53. Ra2 g4 54. Rb8 Rxa7 55. Rxa7 g3 56. Ra2 f5 57. Ra7+ Kf6 58. Rf8+ Ke5 59. b5 g2 60. Ra1 f4 61. b6 Nd6 62. Rg1 Nc4 63. Rxg2 Nxb6 64. Rg6 1-0

[Event "*** Qualifier 1: Titled Tuesday 3|2 Blitz"]
[Site "Chess.com"]
[Date "2017.04.04"]
[Round "7"]
[White "rasmussvane"]
[Black "PelinGorki"]
[Result "0-1"]
[WhiteElo "2507"]
[BlackElo "2409"]
[TimeControl "180+2"]
[EndTime "14:42:04 PDT"]
[Termination "PelinGorki won by resignation"]

1. Nf3 e6 2. c4 g5 3. d4 g4 4. Ne5 h5 5. h3 d6 6. Nd3 f5 7. hxg4 fxg4 8. Nf4 Nf6 9. Ng6 Rg8 10.
Nxf8 Rxf8 11. Bg5 Qd7 12. Nc3 Qh7 13. e3 Nc6 14. Bd3 Qg7 15. Bxf6 Qxf6 16. Ne4 Qf7 17. Qd2 Bd7 18. c5 d5 19. Ng3 Rh8 20. Rh4 O-O-O 21.
O-O-O e5 22. Bb5 exd4 23. exd4 Rde8 24. Rdh1 Rhf8 25. Rf1 Qf6 26. Rxh5 a6 27. Bxc6 Bxc6 28. Rf5 Qe6 29. Rxf8 Rxf8 30. Re1 Qf6 31. Rf1 Bb5 32. Rh1 Qxf2 33. Qxf2 Rxf2 34. Rh8+ Kd7 35. Rg8 Rxg2 36. Rxg4 Bd3 37. b3 Rxa2 38. Kd1 Bc2+ 39. Kd2 Bxb3+ 40. Kc3 Bc4 41. Rg7+ Kc6 42. Nf5 a5 43. Ne7+ Kb5 44. Nc8 Ra3+ 45. Kc2 Bd3+ 46. Kd2 Kc4 47. Rxc7 Kxd4 48.
Nd6 Ra2+ 49. Ke1 Ke3 50. Re7+ Be4 51. Nf5+ Kd3 52. Nd6 Re2+ 53. Kd1 Rd2+ 54. Kc1 Rc2+ 55. Kd1 Rxc5 56. Nxb7 Rb5 57. Kc1 a4 58. Nd6 Rb6 59. Nf7 a3 60. Ra7 Ke2 0-1

[Event "*** Qualifier 1: Titled Tuesday 3|2 Blitz"]
[Site "Chess.com"]
[Date "2017.04.04"]
[Round "7"]
[White "TheLancer"]
[Black "joppie2"]
[Result "1-0"]
[WhiteElo "2489"]
[BlackElo "2596"]
[TimeControl "180+2"]
[EndTime "14:42:11 PDT"]
[Termination "TheLancer won on time"]

1. e4 e5 2. Nf3 Nc6 3. Bb5 g6 4.
O-O Bg7 5. c3 d6 6. d4 Bd7 7. h3 Nf6 8. Bg5 O-O 9. Nbd2 Nxd4 10. Bxd7 Nxf3+ 11. Qxf3 h6 12. Bxf6 Bxf6 13. Ba4 Kg7 14.
Rad1 Qe7 15. Bb3 Rad8 16. Nc4 h5 17. Ne3 c6 18. g3 Bg5 19. h4 Bh6 20. Kg2 a6 21.
Rd3 f5 22. Nc4 d5 23. Rdd1 fxe4 24. Qe2 dxc4 25. Bxc4 e3 26. fxe3 Rxd1 27. Rxd1 Qc5 28. Rd7+ Kh8 29. Qd3 Qxe3 30. Qxe3 Bxe3 31. Rf7 Rd8 32.
Rxb7 e4 33. Kf1 Bc5 34. Be2 Rf8+ 35. Ke1 Bf2+ 36. Kd1 Bxg3 37. Rb6 Rd8+ 38. Kc2 Bf4 39. Bxa6 Rd6 40. Bc4 e3 41. a4 e2 42. Rb8+ Kg7 43.
Re8 Bg3 44. Rxe2 Bxh4 45. a5 Bd8 46. b4 h4 47. Be6 Kh6 48. a6 Bb6 49. Bh3 Rf6 50.
Kb3 Rf3 51. Be6 Bd4 52. Rc2 g5 53. Kc4 Bb6 54. Bd7 g4 55. Bxc6 Rf5 56. Re2 h3 57.
Bd7 Rf4+ 58. Kb5 Bg1 59. c4 g3 60. Bc6 Bf2 61. c5 g2 62. a7 1-0

[Event "*** Qualifier 1: Titled Tuesday 3|2 Blitz"]
[Site "Chess.com"]
[Date "2017.04.04"]
[Round "7"]
[White "GamayevOleg"]
[Black "VladDobrov"]
[Result "1-0"]
[WhiteElo "2419"]
[BlackElo "2504"]
[TimeControl "180+2"]
[EndTime "14:42:11 PDT"]
[Termination "GamayevOleg won on time"]

1. d3 a5 2. e4 a4 3. c3 e6 4.
Nf3 d5 5. Be2 c5 6. Nbd2 a3 7.
bxa3 Nc6 8. O-O Nf6 9. Re1 Be7 10. Qc2 O-O 11. Bb2 b6 12. Rad1 Qc7 13. Bf1 Bb7 14.
c4 d4 15. g3 Nd7 16. Bg2 g6 17. Rb1 e5 18. Bc1 f5 19. exf5 gxf5 20. Nf1 Kh8 21. Bg5 Bd6 22. Nh4 Rg8 23. Bc1 Raf8 24. Bd5 Rg4 25. Ng2 e4 26. dxe4 Nce5 27. Nd2 fxe4 28. Bxe4 d3 29. Qc3 Rxe4 30. Rxe4 Nf6 31. Rf4 Ned7 32.
Qxd3 Qc6 33. f3 Bxf4 34. Nxf4 Ne5 35. Qe2 Re8 36. Bb2 Nfd7 37. Nd5 Qg6 38. f4 Kg8 39. Bxe5 b5 40. Re1 bxc4 41. Qxc4 Qf7 42. Ne3 Re6 43. Ne4 h6 44. Nd6 Qe7 45. Ndf5 Qf7 46. Nxh6+ Rxh6 47. Qxf7+ Kxf7 48. Nf5 Ra6 49. Nd6+ Ke6 50. Nxb7 Kd5 51. Rd1+ Kc6 52. Nd8+ Kb5 53. Rxd7 Rxa3 54. Rb7+ Kc4 55. Rc7 Rxa2 56. Ne6 Kd5 57. Nxc5 Kc4 58. Ne4+ Kd3 59. Nf2+ Ke2 60. Kg2 Rd2 61. Rb7 Ke1 62. Rb1+ Ke2 63.
Rb2 1-0

[Event "*** Qualifier 1: Titled Tuesday 3|2 Blitz"]
[Site "Chess.com"]
[Date "2017.04.04"]
[Round "7"]
[White "penguingm1"]
[Black "Gabix_94"]
[Result "1-0"]
[WhiteElo "2598"]
[BlackElo "2507"]
[TimeControl "180+2"]
[EndTime "14:42:14 PDT"]
[Termination "penguingm1 won on time"]

1. d4 Nf6 2. c4 c5 3. d5 e6 4. Nc3 exd5 5. cxd5 d6 6. e4 g6 7. Nge2 a6 8. a4 Bg7 9. Ng3 h5 10. Bg5 Nbd7 11. Be2 h4 12. Nf1 Qb6 13. Qd2 Qb4 14. f3 c4 15. Ne3 Nc5 16. Bxc4 Rh5 17. Bf4 Bd7 18. Bxd6 Bh6 19. O-O Qb6 20. Bxc5 Qxc5 21.
f4 Ng4 22. Nd1 h3 23. g3 Bg7 24. Be2 Bd4 25. Bxg4 Bxg4 26. Rc1 Qb6 27. a5 Qa7 28. Rc4 Bg7 29. Nf2 Bd7 30. Rfc1 Rd8 31. e5 Kf8 32. Ne4 Kg8 33. Nd6 Bh6 34. Re1 Bb5 35. Qd4 Qb8 36. Nxb5 axb5 37. Rc5 b4 38. Ng4 Bg7 39. Qxb4 Kh7 40. Qe4 Rf5 41. b4 Qa7 42. Ne3 Rh5 43. d6 b6 44. Rc7 Qb8 45. Rxf7 bxa5 46. Nd5 Kh8 47. Ne7 Qb6+ 48. Kh1 Qf2 49. Nxg6+ Kg8 50. Rb7 axb4 51. Rxb4 Rh6 52. Ne7+ Kh8 53. Qe2 Qc5 54. Rc4 Qb5 55. Nf5 Re6 56. Re4 Bf8 57. Qh5+ Kg8 58.
Qg4+ Kf7 59. Qxh3 Qd5 60. Qg2 Rb8 61. R4e2 Qd3 62. Qe4 Qc3 63. Kg2 Rb3 64. Nd4 1-0

[Event "*** Qualifier 1: Titled Tuesday 3|2 Blitz"]
[Site "Chess.com"]
[Date "2017.04.04"]
[Round "7"]
[White "Marcus_Harvey"]
[Black "oggy1984"]
[Result "1/2-1/2"]
[WhiteElo "2471"]
[BlackElo "2322"]
[TimeControl "180+2"]
[EndTime "14:42:36 PDT"]
[Termination "Game drawn by repetition"]

1. Nf3 Nf6 2. b3 a5 3. Bb2 a4 4. e3 e6 5. Be2 axb3 6. axb3 Rxa1 7. Bxa1 b6 8. O-O Bb7 9. c4 Be7 10. Nc3 O-O 11. d4 d6 12. Qc2 Nc6 13. Bb2 Nb4 14. Qd2 c5 15. Ra1 Qd7 16. Nb5 Ra8 17. Qd1 Bc6 18. Rxa8+ Bxa8 19. Qa1 Bc6 20. Bc3 Ne4 21. Bb2 f6 22. Ne1 Bf8 23. Nd3 Nxd3 24. Bxd3 f5 25. f3 Nf6 26. Kf2 Qf7 27. h3 Ne4+ 28. Kg1 Ng5 29. Qf1 Qg6 30. Kh1 Qh5 31. Nc3 Be7 32.
d5 Bd7 33. dxe6 Bxe6 34. Nd5 Bxd5 35. cxd5 Qf7 36. Bc4 Bf6 37. Qa1 Bxb2 38. Qxb2 Qe7 39. Qa3 Qxe3 40. Qa8+ Kf7 41. Qc8 Qe1+ 42. Kh2 Qe5+ 43.
Kh1 Qe1+ 44. Kh2 Kg6 45. Bb5 Qe5+ 46. Kh1 Kh6 47. Qd8 Qe1+ 48. Kh2 Qe5+ 49. Kh1 Qa1+ 50.
Kh2 Qe5+ 51. Kh1 f4 52. Qf8 Qe1+ 53. Kh2 Qg3+ 54. Kh1 Qe1+ 55. Kh2 Qg3+ 56. Kh1 Qe1+ 57.
Kh2 Qg3+ 58. Kh1 Qe1+ 59. Kh2 Qb4 60. Qxd6+ g6 61. Qf8+ Kh5 62. Bd7 Nxf3+ 63. gxf3 Qd2+ 64. Kg1 Qe1+ 65. Kg2 Qe2+ 66. Kg1 Qe1+ 67. Kg2 Qe2+ 68. Kg1 Qe1+ 69. Kg2 Qe2+ 70. Kg1 Qe1+ 71. Kg2 Qe2+ 72. Kg1 Qe1+ 1/2-1/2

[Event "*** Qualifier 1: Titled Tuesday 3|2 Blitz"]
[Site "Chess.com"]
[Date "2017.04.04"]
[Round "7"]
[White "Grootneus"]
[Black "aNaartjieZA"]
[Result "0-1"]
[WhiteElo "2081"]
[BlackElo "2274"]
[TimeControl "180+2"]
[EndTime "14:42:50 PDT"]
[Termination "aNaartjieZA won by resignation"]

1. e4 e6 2. d4 d5 3. Nc3 Bb4 4. Bd3 c5 5. a3 Ba5 6. exd5 cxd4 7.
Bb5+ Bd7 8. Bxd7+ Qxd7 9. Qxd4 Nf6 10. b4 Bb6 11. Qd1 exd5 12. Qe2+ Kd8 13. Qf3 Re8+ 14.
Nce2 Nc6 15. Bg5 Nd4 16. Bxf6+ gxf6 17. Qxf6+ Qe7 18. Qxe7+ Rxe7 19. Kd2 Rc8 20. Rc1 Nxe2 21. Nxe2 Bxf2 22. Rcd1 Be3+ 23. Kd3 Bh6 24. Ng3 Re3+ 25.
Kd4 Rxc2 26. Nf5 Re6 27. Nxh6 Rxh6 28. Kxd5 Rxg2 29. Rhf1 Rhxh2 30. Rxf7 Rd2+ 31. Rxd2 Rxd2+ 32. Ke6 Re2+ 33. Kd6 Rd2+ 34. Ke6 Rd3 35. Rxh7 Kc8 36. a4 Rd4 37. b5 Rxa4 38. Kd6 Rd4+ 39. Kc5 Rd7 40. Rh8+ Kc7 41. Rh6 Rg7 42. Rf6 Rg5+ 43. Kb4 Re5 44. Rh6 Re4+ 45. Kc5 Re7 46. Kb4 Re8 47.
Rh7+ Kb8 48. Rg7 Rc8 49. Rf7 b6 50. Re7 Rc7 51. Re8+ Kb7 52. Rh8 a6 53. bxa6+ Kxa6 54. Rh6 Rg7 55. Rf6 Rg4+ 56. Kb3 Ka5 57. Rf3 b5 58. Rf8 Rg3+ 59. Kb2 Ka4 60. Rf2 b4 61. Rf8 Rg2+ 62. Kb1 Ka3 63. Kc1 Rg1+ 64. Kc2 b3+ 65.
Kc3 Rc1+ 66. Kd2 Rc7 67. Rb8 Ka2 68. Ra8+ Kb1 69. Rb8 b2 70. Rb6 Ra7 71. Kc3 Ra2 72. Rh6 Ka1 73. Rh1+ b1=Q 74. Rd1 Qxd1 75. Kc4 Rc2+ 0-1

[Event "*** Qualifier 1: Titled Tuesday 3|2 Blitz"]
[Site "Chess.com"]
[Date "2017.04.04"]
[Round "7"]
[White "justantan"]
[Black "FairChess_on_YouTube"]
[Result "0-1"]
[WhiteElo "2158"]
[BlackElo "2715"]
[TimeControl "180+2"]
[EndTime "14:42:52 PDT"]
[Termination "FairChess_on_YouTube won by resignation"]

1. e4 c6 2. d4 d5 3. exd5 cxd5 4.
c4 Nf6 5. Nc3 Nc6 6. Nf3 e6 7.
Bd3 Be7 8. cxd5 Nxd5 9. O-O O-O 10.
Re1 Nf6 11. a3 b6 12. Bc2 Bb7 13. Qd3 g6 14. Bh6 Re8 15. Rad1 Rc8 16. Bb3 Na5 17.
Ba2 Nd5 18. Ne5 Bf6 19. Ne4 Bh8 20. Ng5 Rc7 21. Qg3 Nc6 22. Bb1 Bg7 23. Bxg7 Kxg7 24. Ngxf7 Rxf7 25. Bxg6 Nxe5 26. Bxf7+ Kxf7 27. Qxe5 Qf6 28. Qh5+ Qg6 29. Qxg6+ hxg6 30. Rc1 Re7 31. f3 Nf4 32.
Re3 g5 33. g3 Nd5 34. Re5 Kf6 35. Kf2 Rh7 36. Kg2 a5 37. Rce1 Nc7 38. g4 Bd5 39.
Kg3 Nb5 40. Rf1 Nxd4 41. Re3 e5 42. Rfe1 Re7 43. Rf1 Ne6 44. h4 gxh4+ 45. Kxh4 Nf4 46.
Kg3 Rh7 47. Rd1 Rh3+ 48. Kf2 Rh2+ 49. Kg3 Rg2+ 50. Kh4 Rxb2 51. Kg3 Rg2+ 52. Kh4 Rh2+ 53. Kg3 Rh3+ 54. Kf2 b5 55. Rb1 Bc4 56. Rd1 Bd5 57.
Rc1 b4 58. axb4 axb4 59. Rc5 b3 60. Rb5 Bc4 61. Rb4 Nd3+ 62. Rxd3 Bxd3 63. Rxb3 Bc4 64. Rc3 Bd5 65. Re3 Bc6 66. Rc3 Bd5 67. Re3 Rh1 68.
Kg2 Rb1 69. Kg3 Rb3 70. Kf2 Rxe3 71. Kxe3 Kg5 72. Kf2 Kf4 73. g5 Kxg5 74. Kg3 Kf5 0-1

[Event "*** Qualifier 1: Titled Tuesday 3|2 Blitz"]
[Site "Chess.com"]
[Date "2017.04.04"]
[Round "7"]
[White "AmazingAtlas"]
[Black "Titus369"]
[Result "0-1"]
[WhiteElo "2258"]
[BlackElo "2200"]
[TimeControl "180+2"]
[EndTime "14:42:56 PDT"]
[Termination "Titus369 won by resignation"]

1. e4 c5 2. Nc3 Nc6 3. Bb5 Nd4 4.
Bc4 e6 5. Nge2 Nc6 6. d3 Nf6 7. Nf4 Be7 8. O-O a6 9. a4 O-O 10. Be3 d6 11. Bb3 Rb8 12. Nh5 b5 13. axb5 axb5 14.
f4 Nxh5 15. Qxh5 Bf6 16. f5 c4 17. Ba2 b4 18. Ne2 b3 19. cxb3 cxb3 20. Bb1 exf5 21. d4 fxe4 22. Bxe4 g6 23. Qf3 Bg7 24. Bxc6 Bf5 25.
Bd5 Qe7 26. Ng3 Be6 27. Bxe6 Qxe6 28. Qe4 Qxe4 29. Nxe4 Rfe8 30. Rf4 f5 31. Nxd6 Rxe3 32. Ra7 Rd8 33. Nc4 Rd3 34. Kf1 R3xd4 35. Rxd4 Rxd4 36. Na5 Rf4+ 37. Ke2 Re4+ 38. Kd3 Rd4+ 39. Ke3 Rb4 40. Nc6 Rb6 41. Ne7+ Kf8 42. Nd5 Re6+ 43. Kd3 Bxb2 44. Kc4 Bg7 45. Kxb3 Re5 46. Nf4 Re3+ 47. Kc4 Re4+ 48.
Kd5 Rxf4 49. Ke6 Re4+ 50. Kd5 Re5+ 51. Kd6 Re8 52. h4 Kg8 53. Rd7 h5 54. Rb7 Re2 55.
g3 Re3 56. Rb8+ Kh7 57. Rb7 Rxg3 58. Ke6 f4 59. Kf7 f3 60. Rb3 Rg4 61. Rxf3 Rxh4 62. Rb3 Rf4+ 63. Ke6 Rf6+ 64. Ke7 g5 65. Rh3 h4 66.
Rh1 Rh6 67. Kf7 g4 68. Re1 g3 69. Re4 g2 70. Rg4 Rf6+ 71. Ke7 Rg6 72. Rxh4+ Kg8 73.
Rc4 Bf8+ 74. Ke8 g1=Q 75. Re4 Qa7 76. Re5 Qf7+ 77. Kd8 Rd6+ 78. Kc8 Qd7+ 0-1

[Event "*** Qualifier 1: Titled Tuesday 3|2 Blitz"]
[Site "Chess.com"]
[Date "2017.04.04"]
[Round "7"]
[White "platy3"]
[Black "Keranke"]
[Result "1-0"]
[WhiteElo "2642"]
[BlackElo "2706"]
[TimeControl "180+2"]
[EndTime "14:43:09 PDT"]
[Termination "platy3 won by resignation"]

1. e4 g6 2. d4 Bg7 3. Nc3 d6 4.
Be3 a6 5. h4 h6 6. Qd2 b5 7. f3 Nd7 8. O-O-O Bb7 9. g4 Rc8 10. h5 g5 11. Nge2 c5 12. Ng3 cxd4 13.
Bxd4 Bxd4 14. Qxd4 Ngf6 15. Nf5 Qb6 16. Qd2 Ne5 17.
Be2 b4 18. Na4 Qc7 19. Kb1 a5 20. b3 Bc6 21. Nb2 Bd7 22. Nc4 Bxf5 23. exf5 d5 24.
Nxe5 Qxe5 25. Bb5+ Kf8 26. Rhe1 Qd6 27. Qe3 Rc7 28.
Qd4 Kg7 29. Re2 Rhc8 30. Rde1 Kf8 31. Bd3 Ra8 32. Bb5 Rb8 33. Bd3 Rbb7 34. Re5 Qc5 35. Qxc5 Rxc5 36. Kb2 Rbc7 37. a3 Ne8 38. axb4 axb4 39.
Ra1 Nd6 40. Ra4 Rb7 41. Ra8+ Kg7 42. Re1 Rcc7 43. Ra5 Ra7 44. Rxd5 Ra3 45. Ra1 Rxa1 46. Kxa1 Kf6 47. Kb2 Nc8 48. Rb5 Nd6 49. Rxb4 Ke5 50.
Kc1 e6 51. fxe6 fxe6 52. Kd2 Rf7 53. Ke2 Ra7 54. Ra4 Rc7 55. Ra5+ Kf4 56. b4 Nf7 57. b5 Ne5 58. Ra4+ Kg3 59. Be4 Nc4 60. Rb4 Nb6 61. Bc6 Ra7 62. c4 Ra2+ 63. Kd3 Na4 64. b6 Nc5+ 65. Kd4 Na6 66. Ra4 Rd2+ 67. Kc3 Rd6 68.
Rxa6 Rxc6 69. b7 Rxa6 70. b8=Q+ Kh3 71. Qb7 Ra3+ 72. Kb4 Ra1 73. Qe4 e5 74. c5 1-0

[Event "*** Qualifier 1: Titled Tuesday 3|2 Blitz"]
[Site "Chess.com"]
[Date "2017.04.04"]
[Round "8"]
[White "aNaartjieZA"]
[Black "stepanosinovsky"]
[Result "0-1"]
[WhiteElo "2264"]
[BlackElo "2212"]
[TimeControl "180+2"]
[EndTime "14:45:19 PDT"]
[Termination "stepanosinovsky won by resignation"]

1. e4 e5 2. Nf3 Nc6 3. Bb5 a6 4. Ba4 Nf6 5. O-O Be7 6. Re1 b5 7. Bb3 O-O 8. h3 Bb7 9. c3 d5 10. exd5 Nxd5 11. Nxe5 Nxe5 12. Rxe5 Nf4 13. f3 Bd6 14. Re1 Qg5 0-1

[Event "*** Qualifier 1: Titled Tuesday 3|2 Blitz"]
[Site "Chess.com"]
[Date "2017.04.04"]
[Round "8"]
[White "Gabix_94"]
[Black "Swarajan"]
[Result "1-0"]
[WhiteElo "2508"]
[BlackElo "2005"]
[TimeControl "180+2"]
[EndTime "14:46:35 PDT"]
[Termination "Gabix_94 won by resignation"]

1. e4 c5 2. Nf3 d6 3. d4 cxd4 4.
Nxd4 Nf6 5. Nc3 g6 6. Nb3 Bg7 7. Be2 Nc6 8. O-O O-O 9. Re1 Rb8 10. Bg5 a6 11. Bf1 b5 12. Nd5 Nxd5 13. exd5 Ne5 14. c3 Re8 15. Kh1 Bb7 16. a4 Qb6 17. axb5 axb5 18.
Be3 Qc7 19. Bxb5 Rec8 20. Bf1 Nc4 21. Bc1 Bxd5 22. Qxd5 Rxb3 23. Bxc4 Qxc4 24. Qxc4 Rxc4 25. Ra8+ Bf8 26. Bh6 1-0

[Event "*** Qualifier 1: Titled Tuesday 3|2 Blitz"]
[Site "Chess.com"]
[Date "2017.04.04"]
[Round "8"]
[White "Keranke"]
[Black "AlexanderL"]
[Result "0-1"]
[WhiteElo "2695"]
[BlackElo "2588"]
[TimeControl "180+2"]
[EndTime "14:46:38 PDT"]
[Termination "AlexanderL won by resignation"]

1. e4 e6 2. d3 c5 3. Nd2 Nc6 4. g3 g6 5. Bg2 Bg7 6. Ngf3 d6 7. O-O Nge7 8. Nh4 O-O 9. f4 f5 10.
Kh1 Rb8 11. c3 b5 12. Ndf3 b4 13. Bd2 Kh8 14. Qc2 a5 15. Rfe1 h6 16. Rad1 Bd7 17.
Be3 Rc8 18. Qd2 a4 19. d4 fxe4 20. Ng1 bxc3 21. bxc3 cxd4 22. cxd4 d5 23. f5 g5 24.
Bxg5 hxg5 25. Qxg5 Nxf5 26. Qh5+ Kg8 27. Ng6 Be8 0-1

[Event "*** Qualifier 1: Titled Tuesday 3|2 Blitz"]
[Site "Chess.com"]
[Date "2017.04.04"]
[Round "8"]
[White "FearlessKing64"]
[Black "rithwik2002"]
[Result "0-1"]
[WhiteElo "2096"]
[BlackElo "1828"]
[TimeControl "180+2"]
[EndTime "14:47:26 PDT"]
[Termination "rithwik2002 won by resignation"]

1. e4 e6 2. d4 d5 3. Nd2 c5 4.
exd5 Qxd5 5. Ngf3 cxd4 6. Bc4 Qd6 7. O-O Nf6 8. Nb3 Nc6 9. Qe2 a6 10. Rd1 Qc7 11. Nbxd4 Nxd4 12. Nxd4 Bd6 13. Nf5 Bxh2+ 14.
Kh1 O-O 15. Nxg7 Kxg7 16. g3 Bxg3 17. fxg3 b5 18. Bd3 Qxg3 19. Rg1 Bb7+ 20. Be4 Bxe4+ 21. Qxe4 Qxg1+ 22. Kxg1 Nxe4 0-1

[Event "*** Qualifier 1: Titled Tuesday 3|2 Blitz"]
[Site "Chess.com"]
[Date "2017.04.04"]
[Round "8"]
[White "ecwinslow"]
[Black "SmoothAsAHedgehog"]
[Result "0-1"]
[WhiteElo "2090"]
[BlackElo "2525"]
[TimeControl "180+2"]
[EndTime "14:47:27 PDT"]
[Termination "SmoothAsAHedgehog won by resignation"]

1. d4 Nf6 2. c4 e6 3. Nc3 Bb4 4.
Nf3 b6 5. e3 Bb7 6. Bd3 O-O 7.
O-O c5 8. Na4 cxd4 9. a3 Bd6 10.
Nxd4 Nc6 11. Nc3 Be5 12. Be2 d5 13. Bf3 Bxd4 14. exd4 dxc4 15. Be3 Nd5 16. Qa4 Na5 17. Rad1 Nxc3 18. bxc3 Bxf3 19. gxf3 Qd5 20. Kg2 Nb3 21. Bf4 a5 0-1

[Event "*** Qualifier 1: Titled Tuesday 3|2 Blitz"]
[Site "Chess.com"]
[Date "2017.04.04"]
[Round "8"]
[White "indfraeng"]
[Black "AmazingAtlas"]
[Result "0-1"]
[WhiteElo "1764"]
[BlackElo "2259"]
[TimeControl "180+2"]
[EndTime "14:48:12 PDT"]
[Termination "AmazingAtlas won by resignation"]

1. d4 Nf6 2. c4 g6 3. Nc3 Bg7 4.
e4 d6 5. f3 O-O 6. Be3 c5 7.
Nge2 Qa5 8. d5 e6 9. Qd2 exd5 10. cxd5 b5 11. e5 b4 12. exf6 bxc3 13. Qxc3 Qxc3+ 14. Nxc3 Bxf6 15. Bf4 Re8+ 16. Kf2 Bd4+ 17. Kg3 Na6 18.
Bb5 Rd8 19. Ne4 Nc7 20. Bc6 Rb8 21. Bxd6 Rxd6 22. Nxd6 Be5+ 23. f4 Bxd6 24. Rab1 Rb4 25. Rhf1 Bf5 26. Rbe1 Rxb2 27. a4 g5 28. Rf2 gxf4+ 29. Kf3 Bg4+ 30. Kxg4 Rxf2 0-1

[Event "*** Qualifier 1: Titled Tuesday 3|2 Blitz"]
[Site "Chess.com"]
[Date "2017.04.04"]
[Round "8"]
[White "FairChess_on_YouTube"]
[Black "Buffy7"]
[Result "1-0"]
[WhiteElo "2721"]
[BlackElo "2535"]
[TimeControl "180+2"]
[EndTime "14:48:15 PDT"]
[Termination "FairChess_on_YouTube won by resignation"]

1. Nf3 Nf6 2. c4 g6 3. Nc3 Bg7 4. e4 d6 5. d4 O-O 6. h3 e5 7. d5 Nh5 8. g3 Na6 9. Nh4 Nc5 10. b4 Nd7 11. Be3 a5 12. b5 Nc5 13. Rc1 Bf6 14. Nf3 Bg7 15. Nd2 Qf6 16. Be2 a4 17. h4 Qe7 18. Bxc5 dxc5 19. Bxh5 gxh5 20. Qxh5 f5 21.
Qg5 Qd6 22. exf5 Rxf5 23. Nce4 Qf8 24. Qe3 Rf3 25. Nxf3 1-0

[Event "*** Qualifier 1: Titled Tuesday 3|2 Blitz"]
[Site "Chess.com"]
[Date "2017.04.04"]
[Round "8"]
[White "scrapnel"]
[Black "Quiet_Desperation"]
[Result "1-0"]
[WhiteElo "2296"]
[BlackElo "2106"]
[TimeControl "180+2"]
[EndTime "14:48:37 PDT"]
[Termination "scrapnel won by resignation"]

1. Nf3 d5 2. d4 c5 3. c4 e6 4.
cxd5 exd5 5. Nc3 Nf6 6. Bg5 Be6 7. Bxf6 Qxf6 8. e4 dxe4 9. Nxe4 Qg6 10. Bb5+ Bd7 11.
Qe2 Bxb5 12. Nd6+ Kd8 13. Nxb5 Nc6 14. O-O-O Kc8 1-0

[Event "*** Qualifier 1: Titled Tuesday 3|2 Blitz"]
[Site "Chess.com"]
[Date "2017.04.04"]
[Round "8"]
[White "VladDobrov"]
[Black "macko06"]
[Result "0-1"]
[WhiteElo "2492"]
[BlackElo "2344"]
[TimeControl "180+2"]
[EndTime "14:48:53 PDT"]
[Termination "macko06 won by resignation"]

1. d4 Nf6 2. c4 e6 3. Nf3 b6 4. Nc3 Bb7 5. a3 d5 6. Bg5 Be7 7. Qa4+ c6 8. Bxf6 Bxf6 9. cxd5 exd5 10.
g3 O-O 11. Bg2 a5 12. O-O Nd7 13. Rfd1 b5 14. Qc2 Nb6 15. e3 a4 16. Ne1 Nc4 17.
Nd3 Bc8 18. Nc5 Bg4 19. Re1 Bh5 20. b3 Bg6 21. Qa2 axb3 22. Qxb3 Qe7 23. a4 bxa4 24. Rxa4 Rab8 25. Rb4 Qd6 26. Nb7 Qe7 27. Bxd5 Nd2 28. Qb2 cxd5 29. Nxd5 Nf3+ 30. Kf1 Qe6 31. Nc5 Rxb4 32.
Nxb4 Qh3+ 33. Ke2 Nxe1 34. Kxe1 Qxh2 35. Ke2 Qh5+ 0-1

[Event "*** Qualifier 1: Titled Tuesday 3|2 Blitz"]
[Site "Chess.com"]
[Date "2017.04.04"]
[Round "8"]
[White "politeplayer"]
[Black "Grootneus"]
[Result "1-0"]
[WhiteElo "2104"]
[BlackElo "2073"]
[TimeControl "180+2"]
[EndTime "14:49:31 PDT"]
[Termination "politeplayer won by resignation"]

1. d4 Nf6 2. c4 c5 3. d5 b5 4.
cxb5 a6 5. f3 axb5 6. e4 Qa5+ 7.
Bd2 b4 8. Na3 d6 9. Nc4 Qd8 10. a3 g6 11. axb4 Rxa1 12. Qxa1 cxb4 13. Bxb4 Bg7 14. Qa8 Bd7 15. Bd3 O-O 16. Ne2 Bb5 17. Qa5 Qd7 18. Nb6 Bxd3 19. Nxd7 Nbxd7 20. Bc3 Nc5 21. Nd4 Nfd7 22. Kf2 Bc4 23. Rd1 Ne5 24.
Nc6 Ned3+ 25. Kg1 Nb3 26. Nxe7+ Kh8 27. Bxg7+ Kxg7 28. Qc3+ Ne5 29. f4 1-0

[Event "*** Qualifier 1: Titled Tuesday 3|2 Blitz"]
[Site "Chess.com"]
[Date "2017.04.04"]
[Round "8"]
[White "MyleneFarmer"]
[Black "Vamostodorecto"]
[Result "1-0"]
[WhiteElo "2336"]
[BlackElo "2336"]
[TimeControl "180+2"]
[EndTime "14:49:50 PDT"]
[Termination "MyleneFarmer won by resignation"]

1. f3 e5 2. Nh3 d5 3. Nf2 Bd6 4.
g3 h5 5. Bg2 h4 6. e3 e4 7. f4 hxg3 8. hxg3 Rxh1+ 9. Bxh1 Nh6 10. d3 Nf5 11. Qh5 Nxg3 12. Qh8+ Bf8 13. dxe4 Nxh1 14. Qxh1 dxe4 15. Qxe4+ Be7 16. Nc3 Be6 17. Bd2 Bh4 18. f5 Bxf2+ 19. Ke2 Qh4 20. fxe6 Qxe4 21.
Nxe4 Bh4 22. Rh1 g5 23. Nf6+ Kf8 24. Bb4+ Kg7 25. e7 Nc6 26. e8=Q Rxe8 27. Nxe8+ 1-0

[Event "*** Qualifier 1: Titled Tuesday 3|2 Blitz"]
[Site "Chess.com"]
[Date "2017.04.04"]
[Round "8"]
[White "BogdanDeac"]
[Black "Grebeniuk-S"]
[Result "1-0"]
[WhiteElo "2355"]
[BlackElo "2396"]
[TimeControl "180+2"]
[EndTime "14:49:53 PDT"]
[Termination "BogdanDeac won by resignation"]

1. e4 d5 2. exd5 Qxd5 3. Nc3 Qa5 4. d4 Nf6 5. Bc4 Bf5 6. Qe2 c6 7. Nf3 Nbd7 8. Bd2 e6 9. O-O-O Bb4 10. Bb3 O-O-O 11. a3 Bxc3 12. Bxc3 Qc7 13. Ne5 Nxe5 14. dxe5 Nd5 15. Bd2 h5 16. f3 Bg6 17. Bg5 Rd7 18. g3 b5 19. f4 Bf5 20. h3 Nb6 21. g4 Bg6 22. f5 Rxd1+ 23. Rxd1 exf5 24. e6 hxg4 25. hxg4 Nd5 26. e7 fxg4 27. e8=Q+ Rxe8 28. Qxe8+ Kb7 29. Rxd5 cxd5 30. Qxb5+ Kc8 31. Qe8+ Kb7 32. Bxd5+ Ka6 33. Qa4+ Qa5 34. Bc4+ Kb6 35. Bd8+ 1-0